 Dungeon Crawl Stone Soup version 0.30-a0-1114-gd936c97349 (webtiles) character file.

Game seed: 4017269460020245594

59 LustLizard the Gusty (level 3, -1/20 HPs)
             Began as a Deep Elf Air Elementalist on Apr 20, 2023.
             Slain by an ogre
             ... wielding a +0 giant spiked club
              (21 damage)
             ... on level 2 of the Dungeon.
             The game lasted 00:02:22 (1787 turns).

LustLizard the Gusty (Deep Elf Air Elementalist)    Turns: 1787, Time: 00:02:23

Health: -1/20      AC:  4    Str:  7    XL:     3   Next: 78%
Magic:  4/10       EV: 12    Int: 19    God:
Gold:   107        SH:  0    Dex: 15    Spells: 3/9 levels left

rFire   . . .      SeeInvis .    g - +0 dagger
rCold   . . .      Faith    .    (no shield)
rNeg    . . .      Spirit   .    a - +0 robe
rPois   .          Reflect  .    d - +2 hat
rElec   .          Rampage  .    (no cloak)
rCorr   .                        (no gloves)
Will    .....                    (no boots)
Stlth   ++                       (no amulet)
HPRegen 0.23/turn                (no ring)
MPRegen 0.12/turn                (no ring)

@: no status effects
A: no striking features
a: no special abilities


You were on level 2 of the Dungeon.
You visited 1 branch of the dungeon, and saw 2 of its levels.

You collected 107 gold pieces.

Inventory:

Hand Weapons
 g - a +0 dagger (weapon)
Missiles
 h - 5 poisoned darts
Armour
 a - a +0 robe (worn)
 d - a +2 hat (worn)
Scrolls
 c - a scroll of teleportation {unknown}
 e - a scroll of acquirement {unknown}
 i - a scroll of fear {unknown}
 k - a scroll of identify {unknown}
Potions
 b - a potion of magic
 f - 2 potions of cancellation {unknown}
 j - a potion of heal wounds {unknown}
 l - a potion of ambrosia {unknown}


   Skills:
 + Level 0.6 Fighting
 - Level 2.4 Dodging
 + Level 3.0 Stealth
 + Level 3.5 Spellcasting
 * Level 2.3 Conjurations
 * Level 3.6 Air Magic


You had 3 spell levels left.
You knew the following spells:

 Your Spells              Type           Power      Damage    Failure   Level
a - Shock                 Conj/Air       56%        1d6       4%          1
b - Static Discharge      Conj/Air       28%        2-4/arc   6%          2
c - Swiftness             Air            17%        N/A       10%         3

Your spell library contained the following spells:

 Spells                   Type           Power      Damage    Failure   Level
 Slow                     Hex            12%        N/A       14%         1
 Confusing Touch          Hex            3%         N/A       41%         3
 Vampiric Draining        Necr           3%         2d6       41%         3
 Airstrike                Air            8%         2d(2-18)  32%         4


Dungeon Overview and Level Annotations

Branches:
Dungeon (2/15)

Altars:

Shops:
D:1 (


Message History

The zap hits the ogre.
The ogre is lightly wounded.
The ogre shouts!
The zap hits the ogre.
The ogre is moderately wounded.
The zap hits the ogre.
The ogre is heavily wounded.
Aiming: Shock (safe; 4% risk of failure)
Press: ? - help, Q - select action, (/) - cycle Shift-Dir - straight line, f/p - ogre
Aim: an ogre, wielding a +0 giant spiked club (heavily wounded, 86% to hit)
The zap hits the ogre.
The ogre is severely wounded.
A ball python comes into view.
Aiming: Shock (safe; 4% risk of failure)
Press: ? - help, Q - select action, (/) - cycle Shift-Dir - straight line, f/p - ogre
Aim: an ogre, wielding a +0 giant spiked club (heavily wounded, 86% to hit)
The zap hits the ogre.
The ogre is severely wounded.
Unknown command.
Aiming: Shock (safe; 4% risk of failure)
Press: ? - help, Q - select action, (/) - cycle Shift-Dir - straight line, f/p - ogre
Aim: an ogre, wielding a +0 giant spiked club (heavily wounded, 86% to hit)
Okay, then.
Aiming: Shock (safe; 4% risk of failure)
Press: ? - help, Q - select action, (/) - cycle Shift-Dir - straight line, f/p - ogre
Aim: an ogre, wielding a +0 giant spiked club (heavily wounded, 86% to hit)
The zap hits the ogre.
The ogre is heavily wounded.
The zap hits the ogre.
The ogre is severely wounded.
Aiming: Shock (safe; 4% risk of failure)
Press: ? - help, Q - select action, (/) - cycle Shift-Dir - straight line, f/p - ogre
Aim: an ogre, wielding a +0 giant spiked club (severely wounded, 86% to hit)
The zap hits the ogre.
The ogre is severely wounded.
The zap hits the ogre.
The ogre is almost dead.
The ogre hits you with a +0 giant spiked club!!
Ouch! That really hurt!
You die...

.....#.#...# #....#
#......#.# #.####
..###.....##.######.#
...........#........##
####......######...)#
#.##......#### #....#
#....####....# #....#
####..# ####.###....#
......#######..O@....#
#####.)....<#####....#
##########....# #....#
...# #....# #....#
##.# #..### .#### ##.#
#..#####.#
##.#######........#
##.........########
###########


You could see an ogre.

Vanquished Creatures
  2 adders (D:2)
  4 ball pythons (D:1)
  5 bats (D:1)
  3 endoplasms (D:1)
  A giant cockroach (D:1)
  3 goblins (D:1)
  3 hobgoblins (D:1)
  8 kobolds
  2 quokkas (D:2)
  2 frilled lizards
  5 rats
38 creatures vanquished.

Notes
Turn   | Place    | Note
-------+----------+-------------------------------------------
     0 | D:1      | LustLizard the Deep Elf Air Elementalist began the quest
                  | for the Orb.
     0 | D:1      | Reached XP level 1. HP: 10/10 MP: 6/6
   345 | D:1      | Reached XP level 2. HP: 15/15 MP: 4/8
   657 | D:1      | Learned a level 2 spell: Static Discharge
   838 | D:1      | Reached XP level 3. HP: 19/19 MP: 0/9
  1009 | D:1      | Found Keirr's Weapon Emporium.
  1432 | D:2      | Learned a level 3 spell: Swiftness
  1764 | D:2      | Noticed an ogre
  1787 | D:2      | Slain by an ogre

Illustrated notes

Levels and vault maps discovered:
D:1:      dpeg_arrival_prison, layout_basic, serial_shops,
          nicolae_shop_back_alley_shop
D:2:      layout_basic

Skill      XL: |  1  2  3 |
---------------+----------+-----
Conjurations   | 2 |  2.3
Stealth        | 3 |  3.0
Fighting       | |  0.6
Dodging        | |  2.4
Spellcasting   | |  3.5
Air Magic      | |  3.6

Action                     || total
---------------------------++-------
   Cast: Shock             ||    72
         Static Discharge  ||     3
 Armour: Robe              ||     2
  Dodge: Dodged            ||     8

Table legend: (Time is in decaauts)
 A = Elapsed time spent in this place.
 B = Non-inter-level travel time spent in this place.
 C = Inter-level travel time spent in this place.
 D = Time resting spent in this place.
 E = Time spent auto-exploring this place.
 F = Levels seen in this place.
 G = Mean time per level.
                   A        B        C        D        E       F      G
               +--------+--------+--------+--------+--------+-----+--------+
         Total |   1786 |   1721 |     65 |      0 |   1545 |   2 |  893.0 |
       Dungeon |   1786 |   1721 |     65 |      0 |   1545 |   2 |  893.0 |
               +--------+--------+--------+--------+--------+-----+--------+

Top non-repeatable levels by time:
     D:1: 1397 daAuts
     D:2: 388 daAuts
